 Dungeon Crawl Stone Soup version 0.31-a0-369-g8eba5f6939 (webtiles) character file.

Game seed: 1081558020574697933

1160 Flugkiller the Ruffian (level 8, -5/62 HPs)
             Began as a Demonspawn Shapeshifter on July 28, 2023.
             Was a High Priest of Uskayaw.
             Killed from afar by Pikel (16 damage)
             ... with a bolt of dispelling energy
             ... on level 6 of the Dungeon.
             The game lasted 00:05:29 (3477 turns).

Flugkiller the Ruffian (Demonspawn Shapeshifter)    Turns: 3477, Time: 00:05:29

Health: -5/62      AC:  7    Str: 17    XL:     8   Next: 16%
Magic:  11/11      EV: 11    Int: 11    God:    Uskayaw [*****.]
Gold:   80         SH:  0    Dex: 13    Spells: 7/7 levels left

rFire   . .          .
                       - Unarmed
rCold   . . .        (no shield)
rNeg    . . .        k - +0 ring mail
rPois   .            (helmet currently unavailable)
rElec   .            (cloak currently unavailable)
rCorr   .            (gloves currently unavailable)
SInv    .            (boots currently unavailable)
Will    .....        (no amulet)
Stlth   +            (no ring)
HPRegen 0.30/turn    (no ring)
MPRegen 0.12/turn

%: no passive effects
@: beast-form
A: beast (slay +2), icy blue scales 1, ignite blood 1, powered by death 2
a: Begin Untransformation, Renounce Religion, Stomp, Line Pass, Grand Finale


You were on level 6 of the Dungeon.
You worshipped Uskayaw.
Uskayaw was noncommittal.
You were a hulking beast.
You visited 1 branch of the dungeon, and saw 5 of its levels.
You also visited: Sewer.

You collected 250 gold pieces.
You spent 170 gold pieces at shops.

Inventory:

Hand Weapons
 j - a +1 short sword of protection
   (You took it off a kobold on level 1 of the Dungeon)
 v - the +4 great mace "Luutz" {venom, rPois rN+}
   (You found it on level 6 of the Dungeon)

   rPois:     It protects you from poison.
   rN:        It protects you from negative energy.
Armour
 a - a +0 animal skin
 k - a +0 ring mail (worn)
   (You found it on level 2 of the Dungeon)
 m - a +0 buckler
   (You found it on level 3 of the Dungeon)
 p - a +0 pair of gloves
   (You found it on level 2 of the Dungeon)
 x - a +0 kite shield
   (You found it on level 6 of the Dungeon)
Jewellery
 h - a +6 ring of strength
   (You found it on level 4 of the Dungeon)
Talismans
 c - a beast talisman
Wands
 o - a wand of digging (4)
   (You found it on level 3 of the Dungeon)
 r - a wand of roots (4)
   (You found it on level 6 of the Dungeon)
Scrolls
 g - a scroll of summoning
 i - a scroll of revelation
 n - a scroll of enchant armour {unknown}
 t - a scroll of teleportation
 u - 2 scrolls of poison
 z - 2 scrolls of blinking
Potions
 d - a potion of might
 e - a potion of invisibility
 f - a potion of berserk rage {unknown}
 l - 2 potions of brilliance {unknown}
 s - 2 potions of ambrosia {unknown}


   Skills:
 - Level 5.0 Fighting
 - Level 1.7 Dodging
 + Level 5.6 Unarmed Combat
 - Level 5.0 Invocations
 + Level 4.3 Evocations
 - Level 3.0 Shapeshifting


You had 7 spell levels left.
You didn't know any spells.
Your spell library contained the following spells:

 Spells                   Type           Power      Damage    Failure   Level
 Foxfire                  Conj/Fire      0%         2x1d4     54%         1
 Static Discharge         Conj/Air       0%         2-2/arc   69%         2
 Airstrike                Air            0%         2d(0-16)  100%        4
 Summon Lightning Spire   Summ/Air       0%         N/A       100%        4
 Plasma Beam              Fire/Air       0%         2x1d10    100%        6
 Starburst                Conj/Fire      0%         6d3       100%        6
 Chain Lightning          Conj/Air       0%         N/A       100%        9
 Fire Storm               Conj/Fire      0%         5d1       100%        9
 Shatter                  Erth           0%         3d5*      100%        9


Dungeon Overview and Level Annotations

Branches:
Dungeon (4/15) Zot: 26354   Sewer (visited)
 Temple: D:4-7

Altars:
Hepliaklqana
Kikubaaqudgha
Nemelex Xobeh
Uskayaw

Shops:
D:1 ?

Annotations:
D:6 Pikel


Innate Abilities, Weirdness & Mutations

You are a hulking beast.
Your limbs bulge with bestial killing power. (Slay +2)
You are partially covered in icy blue scales. (AC +2)
Your demonic aura sometimes causes spilled blood to erupt in flames.
You regenerate health from kills.


Message History

A centaur, an ufetubus and a lemure come into view.
The ufetubus shouts!
You hear a shout! x2
A lemure comes into view.
The lemure shouts!
There are monsters nearby!
A lemure comes into view.
The lemure shouts!
The ufetubus barely misses you.
The ufetubus hits you but does no damage.
Pikel, Merchant of Souls comes into view.
He is wielding a +1 whip of freezing and carrying a wand of quicksilver.
The lemure attacks as you move away! The lemure misses you.
The lemure attacks as you move away! The lemure hits you!
There is an open door here.
You hit the lemure but do no damage. The lemure hits you but does no damage.
You barely miss the lemure. The lemure hits you.
You closely miss the lemure. You hit the lemure.
The lemure is moderately wounded.
The lemure hits you.
Unknown command.
Aiming: Fastroot
Press: ? - help, Shift-Dir - straight line, f - centaur
Aim: a centaur The roots erupt in riotous growth!
Roots grab the lemure. x2; Roots grab the centaur.
The grasping roots constrict the centaur.
The grasping roots constrict the lemure.
The grasping roots constrict the lemure!
The lemure closely misses you.
You can now pass through a line of other dancers.
Unknown command.
You punch the lemure!
The lemure is almost dead.
The grasping roots constrict the centaur!
The grasping roots constrict the lemure!
The grasping roots constrict the lemure.
You kill the lemure!
That felt strangely unrewarding.
The centaur wields a +0 orcbow.
The centaur shoots an arrow.
The arrow hits you!
The lemure struggles to escape constriction.
Uskayaw will force your foes to helplessly watch your dance.
Uskayaw prepares the audience for your solo!
Unknown command.
The grasping roots constrict the centaur!
The grasping roots constrict the lemure.
The roots release their grip on the centaur.
The helpless centaur fails to defend itself.
You hit the centaur but do no damage.
The centaur is almost dead.
The grasping roots constrict the lemure!
You kill the lemure!
That felt strangely unrewarding.
The centaur is no longer paralysed.
Pikel is no longer paralysed.
The centaur unwields a +0 orcbow.
The centaur hits you.
The centaur kicks you but does no damage.
Unknown command.
Aiming: Fastroot
Press: ? - help, Shift-Dir - straight line, f - Pikel, p - centaur
Aim: Pikel, wielding a +1 whip of freezing, wearing a +0 robe and carrying a wand of quicksilver The roots erupt in riotous growth!
Roots grab the centaur.
Roots grab the lemure.
Roots grab Pikel.
The grasping roots constrict the centaur.
You kill the centaur!
The grasping roots constrict Pikel, but do no damage.
The grasping roots constrict the lemure.
Pikel struggles to escape constriction.
The lemure struggles to escape constriction.
Uskayaw will force your foes to share their pain.
Uskayaw links your audience in an emotional bond!
Unknown command.
The grasping roots constrict Pikel.
You kill the ufetubus!
The grasping roots constrict the lemure!
The roots release their grip on Pikel.
Pikel zaps a wand.
The bolt of dispelling energy hits you!
The lemure struggles to escape constriction.
Unknown command.
The grasping roots constrict the lemure!
You kill the lemure!
That felt strangely unrewarding.
Pikel zaps a wand.
The bolt of dispelling energy hits you!
You can now merge with and destroy a victim.
Unknown command.
Aiming: Fastroot
Press: ? - help, Shift-Dir - straight line, f/p - Pikel
Aim: Pikel, wielding a +1 whip of freezing, wearing a +0 robe and carrying a wand of quicksilver (severely wounded, sharing his pain)
The roots erupt in riotous growth!
Roots grab Pikel.
The grasping roots constrict Pikel.
Pikel says, "You'll feel the lick of my whip!"
Pikel zaps a wand.
The bolt of dispelling energy misses you.
Unknown command.
The grasping roots constrict Pikel.
The roots release their grip on Pikel.
Pikel zaps a wand.
The bolt of dispelling energy hits you!
* * * LOW HITPOINT WARNING * * *
Unknown command.
Pikel is no longer sharing his pain.
Pikel zaps a wand.
The bolt of dispelling energy hits you!
You die...

..c##.#..#.## #
##..##.#..#.## #
#K5..##.#.)#.###
##..##.#..#.##
###...###......#
###K..###.#..#.#'#
#.).###.#..#.###.#
#.###.#..#.###.†.#
#h#.#..#.###....##
####.#..#.###....#..#
#.....#.###...##.##.#
#.##..###...#..#.)#.#
# #### #############


You could see Pikel.

Vanquished Creatures
  A black bear (D:6)
  3 centaurs (D:6)
  3 lemures (D:6)
  Blork the orc (D:4)
  3 bullfrogs
  5 killer bees (D:6)
  A jelly (D:4)
  2 hounds (D:4)
  An orc priest (D:6)
  An iguana (D:6)
  2 orc wizards (D:6)
  6 adders
  2 ufetubi (D:6)
  A worm (D:2)
  2 orcs
  9 bats
  3 bat skeletons (D:6)
  2 bat zombies (D:6)
  7 endoplasms
  12 giant cockroaches
  2 goblins
  9 hobgoblins
  7 quokkas
  7 ball pythons
  7 frilled lizards (Sewer)
  3 kobolds (D:1)
  8 rats
110 creatures vanquished.

Notes
Turn   | Place    | Note
-------+----------+-------------------------------------------
     0 | D:1      | Flugkiller the Demonspawn Shapeshifter began the quest for
                  | the Orb.
     0 | D:1      | Reached XP level 1. HP: 15/15 MP: 1/1
    96 | D:1      | Gained mutation: Your demonic aura sometimes causes spilled
                  | blood to erupt in flames. [demonic ancestry]
    96 | D:1      | Reached XP level 2. HP: 21/21 MP: 2/2
   354 | D:1      | Found Japof's Magic Scroll Shoppe.
   458 | D:2      | Reached XP level 3. HP: 12/28 MP: 3/3
  1058 | D:3      | Found a hide-covered altar of Uskayaw.
  1059 | D:3      | Found a hazy altar of Hepliaklqana.
  1064 | D:3      | Became a worshipper of Uskayaw the Reveller
  1081 | D:3      | Reached * piety under Uskayaw
  1083 | D:3      | Reached ** piety under Uskayaw
  1137 | D:3      | Gained mutation: You are partially covered in icy blue
                  | scales. (AC +2) [demonic ancestry]
  1137 | D:3      | Reached XP level 4. HP: 31/35 MP: 4/4
  1246 | D:3      | Found a faded altar of an unknown god.
  1296 | D:3      | Found a glowing drain.
  1329 | Sewer    | Entered a sewer
  1364 | Sewer    | Reached skill level 1 in Invocations
  1586 | Sewer    | Noticed a bullfrog
  1598 | Sewer    | Reached *** piety under Uskayaw
  1599 | Sewer    | Killed a bullfrog
  1600 | Sewer    | Reached XP level 5. HP: 17/42 MP: 5/7
  1722 | Sewer    | Reached skill level 5 in Invocations
  2442 | D:1      | Bought 2 scrolls of identify for 44 gold pieces
  2446 | D:1      | Bought a scroll of poison for 44 gold pieces
  2446 | D:1      | Bought a scroll of revelation for 82 gold pieces
  2568 | D:4      | Gained mutation: You regenerate a little health from kills.
                  | [demonic ancestry]
  2568 | D:4      | Reached XP level 6. HP: 48/48 MP: 9/9
  2630 | D:4      | Noticed Blork the orc
  2644 | D:4      | Killed Blork the orc
  2827 | D:4      | You fall into a shaft and drop 2 floors!
  2884 | D:6      | Identified the +4 great mace "Luutz" {venom, rPois rN+}
  2944 | D:6      | Reached skill level 1 in Evocations
  2948 | D:6      | Reached skill level 5 in Fighting
  2948 | D:6      | Gained mutation: You regenerate health from kills. [demonic
                  | ancestry]
  2948 | D:6      | Reached XP level 7. HP: 24/56 MP: 10/10
  2956 | D:6      | Reached **** piety under Uskayaw
  2958 | D:6      | Reached ***** piety under Uskayaw
  3067 | D:6      | Found a sparkling altar of Nemelex Xobeh.
  3123 | D:6      | Reached skill level 5 in Unarmed Combat
  3295 | D:6      | Found an ancient bone altar of Kikubaaqudgha.
  3395 | D:6      | Reached XP level 8. HP: 39/62 MP: 11/11
  3454 | D:6      | Noticed Pikel
  3477 | D:6      | Killed from afar by Pikel

Illustrated notes

Levels and vault maps discovered:
D:1:      amcnicky_arrival_gap_in_the_tavern_cellar, layout_rooms, serial_shops,
          shop, st_stairs_1
D:2:      layout_basic
D:3:      layout_basic, chequers_temple_overflow_statue_of_worship,
          hellmonk_ecumenical_altar_pennies_from_heaven, portal_sewer_entry_b
D:4:      layout_gridville, kennysheep_crisscross, minmay_misc_feat_ornament,
          uniq_blork_the_orc
D:6:      minmay_razor_zed, layout_basic, lightli_temple_of_fire,
          nemelex_xobeh_ov_fountains_minmay, kennysheep_vampire_church,
          chequers_serial_rivers_micro_d, minmay_door_square, uniq_pikel

Skill      XL: |  1  2  3  4  5  6  7  8 |
---------------+-------------------------+-----
Shapeshifting  | 3 |  3.0
Fighting       | 2 3 4 5 |  5.0
Invocations    | 3 5 |  5.0
Unarmed Combat | 4 5 |  5.6
Evocations     | 1 3 4 |  4.3
Dodging        | |  1.7

Action                     |  1- 3 |  4- 6 |  7- 9 || total
---------------------------+-------+-------+-------++-------
  Melee: Unarmed           |    46 |     8 |    53 ||   107
         Punch             |     2 |     3 |     2 ||     7
         Short sword       |    65 |   190 |       ||   255
  Evoke: Wand              |       |     1 |     4 ||     5
    Use: Potion            |       |     7 |     2 ||     9
         Scroll            |       |     3 |       ||     3
   Stab: Sleeping          |     1 |       |       ||     1
         Paralysed         |       |     1 |     3 ||     4
 Armour: Animal skin       |    21 |       |       ||    21
         Ring mail         |    18 |    95 |    34 ||   147
         Skin              |       |    16 |    15 ||    31
  Dodge: Dodged            |    77 |    95 |    51 ||   223

Table legend: (Time is in decaauts)
 A = Elapsed time spent in this place.
 B = Non-inter-level travel time spent in this place.
 C = Inter-level travel time spent in this place.
 D = Time resting spent in this place.
 E = Time spent auto-exploring this place.
 F = Levels seen in this place.
 G = Mean time per level.
                   A        B        C        D        E       F      G
               +--------+--------+--------+--------+--------+-----+--------+
         Total |   3554 |   3351 |    203 |    339 |   1952 |   6 |  592.3 |
       Dungeon |   2878 |   2675 |    203 |    246 |   1621 |   5 |  575.6 |
         Sewer |    676 |    676 |      0 |     93 |    331 |   1 |  676.0 |
               +--------+--------+--------+--------+--------+-----+--------+

Top non-repeatable levels by time:
     D:3: 909 daAuts
   Sewer: 676 daAuts
     D:6: 644 daAuts
     D:1: 546 daAuts
     D:2: 458 daAuts
     D:4: 318 daAuts
